 Dungeon Crawl Stone Soup version 0.30.1 (webtiles) character file.

Game seed: 3658759009233050591

6461 Aerthanath the Cleaver (level 10, -33/91 HPs)
             Began as a Minotaur Berserker on July 1, 2023.
             Was an Elder of Trog.
             Annihilated by a very large slime creature (40 damage)
             ... on level 9 of the Dungeon.
             The game lasted 00:23:40 (8798 turns).

Aerthanath the Cleaver (Minotaur Berserker)         Turns: 8798, Time: 00:23:40

Health: -33/91     AC: 19    Str: 35    XL:     10   Next: 68%
Magic:  9/9        EV:  9    Int:  4    God:    Trog [****..]
Gold:   341        SH:  7    Dex:  6    Spells: 9/9 levels left

rFire   . . .        l - +4 war axe "Puzoagh" {flame, Str+4}
rCold   . . .        f - +3 buckler "Ahinniz" {rPois Dex-5 Slay+5 SInv}
rNeg    + . .        y - +0 plate armour
rPois   +            (helmet restricted)
rElec   .            n - +1 cloak
rCorr   .            (no gloves)
SInv    +            c - +2 pair of boots
Will    .....        (no amulet) Stlth
                     e - ring of positive energy
HPRegen 0.35/turn    x - +6 ring of strength
MPRegen 0.11/turn

%: no passive effects
@: no status effects
A: horns 2, retaliatory headbutt
a: Renounce Religion, Berserk, Trog's Hand, Brothers in Arms


You were on level 9 of the Dungeon.
You worshipped Trog.
Trog was greatly pleased with you.
You visited 1 branch of the dungeon, and saw 9 of its levels.

You collected 431 gold pieces.
You spent 90 gold pieces at shops.

Inventory:

Hand Weapons
 l - the +4 war axe "Puzoagh" (weapon) {flame, Str+4}
   (You found it on level 3 of the Dungeon)

   Str:       It affects your strength (+4).
Missiles
 s - 2 throwing nets (quivered)
 w - 2 boomerangs
Armour
 c - a +2 pair of boots (worn)
 f - the +3 buckler "Ahinniz" (worn) {rPois Dex-5 Slay+5 SInv}
   (You acquired it on level 1 of the Dungeon)

   Dex:       It affects your dexterity (-5).
   Slay:      It affects your accuracy & damage with ranged weapons and melee
   (+5).
   rPois:     It protects you from poison.
   SInv:      It lets you see invisible.
 n - a +1 cloak (worn)
 y - a +0 plate armour (worn)
Jewellery
 e - a ring of positive energy (left hand)
 x - a +6 ring of strength (right hand)
Wands
 h - a wand of digging (7)
 i - a wand of polymorph (3)
 o - a wand of flame (8)
 q - a wand of paralysis (22)
 u - a wand of roots (13)
Scrolls
 b - 3 scrolls of blinking
 k - 4 scrolls of teleportation
 r - a scroll of fear
 t - 2 scrolls of enchant weapon
 v - 2 scrolls of summoning
 z - a scroll of identify
 A - a scroll of brand weapon
 C - 3 scrolls of immolation
Potions
 a - a potion of heal wounds
 d - 5 potions of curing
 g - 3 potions of berserk rage
 j - a potion of magic
 m - a potion of brilliance
 p - 2 potions of resistance
 B - a potion of flight


   Skills:
 + Level 9.1 Fighting
 + Level 13.2(13.6) Axes
 + Level 5.1(10.0) Polearms
 + Level 8.2 Armour
 + Level 4.3 Dodging
 + Level 1.5 Stealth
 + Level 5.4 Shields


You had 9 spell levels left.
You didn't know any spells.
Your spell library was empty.

Dungeon Overview and Level Annotations

Branches:
Dungeon (9/15)             Temple (0/1) D:5
   Lair: D:8-11         Orc: D:9-12

Altars:
Ashenzari
Elyvilon
Fedhas
Gozag
Hepliaklqana
Kikubaaqudgha
Makhleb
Okawaru
Sif Muna
Uskayaw
Xom
Yredelemnul
Zin
The Shining One

Shops:
D:3 *   D:6 ?   D:9 !


Innate Abilities, Weirdness & Mutations

You have a pair of horns on your head.
You reflexively headbutt those who attack you in melee.


Message History

You slice the very large slime creature!!
You burn the very large slime creature.
You headbutt the very large slime creature!
The very large slime creature is moderately wounded.
You slash the very large slime creature!
You burn the very large slime creature.
The very large slime creature is moderately wounded.
You slash the very large slime creature!
You burn the very large slime creature.
You headbutt the very large slime creature!
The very large slime creature is heavily wounded.
You slash the slime creature! You burn the slime creature.
The very large slime creature barely misses you.
You furiously retaliate!
You headbutt the very large slime creature.
The slime creature hits you but does no damage.
You slash the very large slime creature!
You burn the very large slime creature.
The very large slime creature is severely wounded.
You hit the slime creature. You burn the slime creature.
The very large slime creature hits you!!
You block the slime creature's attack.
Unknown command.
You slash the very large slime creature!
You burn the very large slime creature.
Your headbutt misses the very large slime creature.
The very large slime creature is severely wounded.
You slash the slime creature! You burn the slime creature.
The very large slime creature hits you!!!
Ouch! That really hurt!
* * * LOW HITPOINT WARNING * * *
You block the slime creature's attack.
You hear a shout! x2
You slice the very large slime creature!!
You burn the very large slime creature.
You headbutt the very large slime creature!
The very large slime creature is almost dead.
You slice the slime creature!! You burn the slime creature.
The very large slime creature hits you!!!
You die...

### ##### ######..
##...###...##.#####
...#..#..#..#...@J#
#.###...###.#..##J...#
#..#.....#.....###......
##...............+......
..#.#.###.######## .....
##....##.... #.###
†..#...(.#... ..
#.###...###.## ##
...#..#..#...


You could see a very large slime creature and a slime creature.

Vanquished Creatures
  Pikel (D:5)
  A kobold demonologist (D:7)
  A hornet (D:8)
  Sigmund (D:4)
  A slime creature (D:9)
  A wraith (D:9)
  3 yaks (D:8)
  4 hogs (D:7)
  A human (D:7)
  Grum (D:8)
  Duvessa (D:5)
  2 water moccasins
  An orc warrior (D:8)
  A black bear (D:7)
  2 ice beasts
  3 wolves (D:8)
  A sky beast (D:8)
  3 ogres
  3 centaurs
  A phantom (D:4)
  Blork the orc (D:4)
  6 bullfrogs
  A gnoll sergeant (D:6)
  A wyvern zombie (D:7)
  2 scorpions
  12 wights
  Dowan (D:5)
  3 howler monkeys (D:9)
  A bullfrog zombie (D:7)
  3 jellies
  3 centaur zombies (D:7)
  An orc priest (D:9)
  2 iguanas
  11 orc wizards
  2 killer bee zombies (D:7)
  4 gnolls (D:6)
  5 adders
  3 white imps
  An ufetubus (D:5)
  A dart slug (D:1)
  22 orcs
  9 endoplasms
  4 giant cockroaches
  5 goblins
  7 hobgoblins
  10 jackals
  4 quokkas
  11 ball pythons
  7 bats
  4 frilled lizards
  8 kobolds
  6 rats
194 creatures vanquished.

Notes
Turn   | Place    | Note
-------+----------+-------------------------------------------
     0 | D:1      | Aerthanath the Minotaur Berserker began the quest for the
                  | Orb.
     0 | D:1      | Reached XP level 1. HP: 19/19 MP: 0/0
   424 | D:1      | Reached XP level 2. HP: 27/27 MP: 1/1
   810 | D:1      | Reached ** piety under Trog
   896 | D:1      | Reached XP level 3. HP: 32/33 MP: 2/2
   984 | D:1      | Identified a scroll of acquirement
   984 | D:1      | Acquired the +3 buckler "Ahinniz" {rPois Dex-5 Slay+5 SInv}
  2118 | D:3      | Noticed an ogre
  2126 | D:3      | Killed an ogre
  2127 | D:3      | Reached skill level 5 in Polearms
  2127 | D:3      | Reached XP level 4. HP: 41/41 MP: 3/3
  2400 | D:3      | Found a faded altar of an unknown god.
  2475 | D:3      | Identified the +4 war axe "Puzoagh" {flame, Str+4}
  2671 | D:3      | Found Caamot's Assorted Antiques.
  2773 | D:3      | Reached XP level 5. HP: 47/47 MP: 4/4
  2976 | D:3      | Found a broken altar of Ashenzari.
  3208 | D:3      | Reached skill level 5 in Fighting
  3237 | D:3      | Reached skill level 1 in Axes
  3841 | D:4      | Reached *** piety under Trog
  3921 | D:4      | Noticed a phantom
  3924 | D:4      | Found an ancient bone altar of Kikubaaqudgha.
  3926 | D:4      | Killed a phantom
  3927 | D:4      | Reached skill level 2 in Axes
  3927 | D:4      | Reached XP level 6. HP: 56/56 MP: 5/5
  3938 | D:4      | Noticed Blork the orc
  3947 | D:4      | Killed Blork the orc
  3948 | D:4      | Reached skill level 3 in Axes
  3948 | D:4      | Reached skill level 1 in Shields
  3958 | D:4      | Found a shimmering altar of Xom.
  4046 | D:4      | Found an iron altar of Okawaru.
  4332 | D:4      | Found a burning altar of Makhleb.
  4350 | D:4      | Noticed Sigmund
  4356 | D:4      | Killed Sigmund
  4357 | D:4      | Reached skill level 4 in Axes
  4357 | D:4      | Reached XP level 7. HP: 61/61 MP: 6/6
  4669 | D:5      | Entered Level 5 of the Dungeon
  4689 | D:5      | Found a white marble altar of Elyvilon.
  4716 | D:5      | Reached skill level 5 in Axes
  4717 | D:5      | Noticed Duvessa
  4721 | D:5      | Noticed Pikel
  4725 | D:5      | Noticed Dowan
  4728 | D:5      | Killed Pikel
  4729 | D:5      | Reached skill level 7 in Axes
  4729 | D:5      | Reached skill level 5 in Armour
  4729 | D:5      | Reached XP level 8. HP: 70/70 MP: 7/7
  4732 | D:5      | Killed Duvessa
  4735 | D:5      | Killed Dowan
  4825 | D:5      | Found a shimmering blue altar of Sif Muna.
  4839 | D:5      | Found a staircase to the Ecumenical Temple.
  5020 | D:5      | Reached skill level 8 in Axes
  5071 | D:5      | Identified the +7 falchion of the Abyss {freeze, rElec
                  | Str+3 SInv Stlth+}
  6003 | D:6      | Found a blossoming altar of Fedhas.
  6004 | D:6      | Found a glowing golden altar of the Shining One.
  6195 | D:6      | Reached skill level 9 in Axes
  6245 | D:6      | Reached XP level 9. HP: 79/79 MP: 8/8
  6305 | D:6      | Found Isieleni's Magic Scroll Emporium.
  6308 | D:6      | Bought a scroll of enchant armour for 90 gold pieces
  6430 | D:7      | Reached skill level 1 in Stealth
  6727 | D:7      | Found an opulent altar of Gozag.
  6741 | D:7      | Reached skill level 10 in Axes
  6749 | D:7      | Reached **** piety under Trog
  6775 | D:7      | Found a glowing silver altar of Zin.
  6818 | D:7      | Reached skill level 11 in Axes
  6892 | D:7      | Noticed a kobold demonologist
  6897 | D:7      | Killed a kobold demonologist
  7104 | D:7      | Found a basalt altar of Yredelemnul.
  7107 | D:7      | Reached XP level 10. HP: 88/88 MP: 9/9
  7185 | D:7      | Reached skill level 12 in Axes
  7308 | D:7      | Found a hide-covered altar of Uskayaw.
  7308 | D:7      | Noticed a +0 dagger
  7308 | D:7      | Noticed a +0 hand axe
  7812 | D:8      | Reached skill level 5 in Shields
  7877 | D:8      | Noticed Grum
  7888 | D:8      | Killed Grum
  8472 | D:8      | Found a hazy altar of Hepliaklqana.
  8666 | D:9      | Found Irear's Distillery.
  8695 | D:9      | Reached skill level 13 in Axes
  8798 | D:9      | Annihilated by a very large slime creature

Illustrated notes

Levels and vault maps discovered:
D:1:      dpeg_arrival_three_same_balls, layout_loops_corners
D:2:      layout_rooms, wad_floor_pattern_2
D:3:      minmay_chambers_of_twos, layout_basic, ashenzari_conservatory_becter,
          hellmonk_ecumenical_altar_leap_of_faith, serial_shops, shop,
          serial_rivers, chequers_serial_rivers_micro_a,
          chequers_serial_rivers_small_3, chequers_serial_rivers_micro_a,
          chequers_serial_rivers_room_a, chequers_serial_rivers_room_b,
          wad_orctagon
D:4:      layout_cave_pools, jmf_multi_god_temple, mainiacjoe_overflow_24_doors,
          lemuel_crystal_altar, serial_column_ruins, column_ruins_hut_pillars,
          column_ruins_columns_straight, column_ruins_corridor_straight,
          column_ruins_open_small, column_ruins_columns_corner,
          column_ruins_grid_1, column_ruins_columns_straight, uniq_sigmund,
          uniq_blork_the_orc
D:5:      layout_basic, mainiacjoe_overflow_catwalk_spiral,
          minmay_temple_entry_mini_moons, uniq_pikel, uniq_duvessa
D:6:      layout_rooms, gammafunk_temple_overflow_statue, serial_shops,
          nicolae_shop_rolled_up, minmay_misc_feat_x
D:7:      minmay_flawed_box, layout_cave_pools, dancing_weapons_uskayaw,
          mainiacjoe_overflow_cross_hatched,
          mainiacjoe_overflow_six_doors_small, nicolae_yredelemnul_corpse_copse,
          grunt_livestock
D:8:      layout_loops_ring, general_overflow_altar, grunt_decor_junction,
          nrook_loot_triangle, uniq_grum
D:9:      layout_basic, hiddenorc1_lemuel, serial_shops,
          nicolae_shop_industrial_runoff, shop, nicolae_shop_waterfront,
          nicolae_shop_hallway_plus, dreamdust_deal_with_the_devil,
          hangedman_decor_lopped, minmay_strange_pillars, uniq_maurice

Skill      XL: |  1  2  3  4  5  6  7  8  9 10 |
---------------+-------------------------------+-----
Polearms       | 4 5 |  5.1
Fighting       | 4 5 6 7 8 9 |  9.1
Dodging        | 3 4 |  4.3
Armour         | 3 4 5 6 7 8 |  8.2
Axes           | 2 4 7 9 11 13 | 13.2
Shields        | 1 2 3 4 5 |  5.4
Stealth        | 1 |  1.5

Action                     |  1- 3 |  4- 6 |  7- 9 | 10-12 || total
---------------------------+-------+-------+-------+-------++-------
  Melee: Spear             |    75 |     1 |       |       ||    76
         Headbutt          |     6 |     8 |    10 |    21 ||    45
         War axe           |       |    71 |    92 |    96 ||   259
 Invoke: Berserk           |     1 |     2 |     7 |     1 ||    11
    Use: Scroll            |     5 |     2 |     8 |     3 ||    18
         Potion            |     2 |     2 |     2 |     2 ||     8
   Stab: Sleeping          |     1 |       |       |       ||     1
 Armour: Animal skin       |    25 |       |       |       ||    25
         Ring mail         |     2 |    15 |       |       ||    17
         Chain mail        |       |    27 |    41 |    25 ||    93
         Plate armour      |       |       |       |    17 ||    17
  Dodge: Dodged            |    45 |    33 |    35 |    41 ||   154
  Block: Buckler           |     2 |    25 |    19 |    37 ||    83
